 Dungeon Crawl Stone Soup version 0.31-b1-17-gcfd88c8481 (webtiles) character file.

Game seed: 4626701653263677206

78 Aldia the Apothecary (level 4, -6/38 HPs)
             Began as a Naga Alchemist on Jan 15, 2024.
             Shot with an arrow by a centaur (12 damage)
             ... on level 6 of the Dungeon.
             The game lasted 00:04:27 (2409 turns).

Aldia the Apothecary (Naga Alchemist)               Turns: 2409, Time: 00:04:28

Health: -6/38      AC:  2    Str: 10    XL:     4   Next: 36%
Magic:  2/7        EV:  9    Int: 18    God:
Gold:   67         SH:  0    Dex: 11    Spells: 2/8 levels left

rFire   . . .        d - +0 whip
rCold   . . .        (no shield)
rNeg    . . .        a - +0 robe
rPois   +            (no helmet)
rElec   .            (no cloak)
rCorr   .            (no gloves)
SInv    +            (no barding)
Will    .....        (no amulet)
Stlth   ++           h - ring of wizardry
HPRegen 0.26/turn    (no ring)
MPRegen 0.10/turn

%: wizardry (x1)
@: very slow
A: AC +1, large, see invisible, deformed body, poison resistance, slowness 2,
spit poison 1, naga tail 1
a: Spit Poison


You were on level 6 of the Dungeon.
You visited 1 branch of the dungeon, and saw 4 of its levels.

You collected 67 gold pieces.

Inventory:

Hand Weapons
 d - a +0 whip (weapon)
Missiles
 f - a throwing net
Armour
 a - a +0 robe (worn)
Jewellery
 h - a ring of wizardry (left hand)
Scrolls
 c - a scroll of fog
 e - a scroll of teleportation
 i - a scroll of blinking {unknown}
 k - a scroll of noise {unknown}
 l - a scroll of silence {unknown}
Potions
 b - 2 potions of magic
 g - 2 potions of berserk rage


   Skills:
 + Level 1.4 Fighting
 - Level 1.5 Dodging
 - Level 3.2 Stealth
 + Level 2.5 Spellcasting
 - Level 1.0 Conjurations
 + Level 1.3 Air Magic
 * Level 4.7 Alchemy


You had 2 spell levels left.
You knew the following spells:

 Your Spells              Type           Power      Damage    Failure   Level
a - Sting                 Conj/Alch      48%        1d6       2%          1
b - Mercury Vapours       Alch/Air       26%        N/A       3%          2
c - Mephitic Cloud        Conj/Alch/Air  10%        N/A       9%          3

Your spell library contained the following spells:

 Spells                   Type           Power      Damage    Failure   Level
 Summon Small Mammal      Summ           8%         N/A       7%          1
 Olgreb's Toxic Radiance  Alch           19%        N/A       10%         4
 Call Canine Familiar     Summ           2%         N/A       21%         3
 Sticky Flame             Fire/Alch      10%        2d5       26%         4
 Summon Blazeheart Golem  Fire/Summ      2%         N/A       52%         4


Dungeon Overview and Level Annotations

Branches:
Dungeon (3/15)             Temple (0/1) D:6

Altars:

Shops:
D:3 (


Innate Abilities, Weirdness & Mutations

Your serpentine skin is tough. (AC +1)
You have supernaturally acute eyesight. (SInv)
Armour fits poorly on your strangely shaped body.
Your system is resistant to poisons. (rPois)
You cover ground very slowly.
You can spit poison.
You have a snake-like lower body.


Message History

Found a leather armour and 5 stones.
Found a stone staircase leading down and a staircase to the Ecumenical Temple.
A centaur comes into view.
There is a stone staircase leading up here.
You open the door.
An adder comes into view.
Found 18 gold pieces.
There is an open door here.
Found a glowing cloak.
The adder bites you.
The sting misses the adder.
The adder barely misses you.
The sting hits the adder.
The adder is poisoned.
The adder is lightly wounded.
The adder barely misses you.
The sting misses the adder.
The adder barely misses you. The adder closely misses you.
The sting misses the adder.
The centaur shouts!
The centaur wields a +0 shortbow.
The centaur shoots an arrow.
The arrow hits you. The adder bites you.
You hear a howl!
The sting hits the adder.
The adder looks even sicker.
The adder is almost dead.
The adder closely misses you.
The centaur shoots an arrow.
The arrow hits you.
The sting hits the adder.
The adder looks even sicker.
You kill the adder!
The centaur shoots an arrow.
The arrow hits you!
The centaur shoots an arrow.
The arrow barely misses you.
The centaur shoots an arrow.
The arrow hits you!
* * * LOW HITPOINT WARNING * * *
The centaur shoots an arrow.
The arrow misses you.
A wight comes into view.
It is wielding a +0 hand axe and wearing a +0 robe of cold resistance.
Found 20 gold pieces.
The centaur shoots an arrow.
The arrow barely misses you.
Found a flail.
The centaur shoots an arrow.
The arrow hits you.
* * * LOW HITPOINT WARNING * * *
The centaur shoots an arrow.
The arrow barely misses you.
There is a staircase to the Ecumenical Temple here.
The centaur shoots an arrow.
The arrow barely misses you.
The centaur shoots an arrow.
The arrow hits you!
You die...

... ... ... ... #..
..# +###$.) ...##.
.......# #.....
......#.#.#.. c.
...#.#.#.#. ...
#####..#.@$#.. ....
#..##.#.#.#.#
....##..##..#.#.#.[
(.......##...#.#....#
..............[.......
h......c.....>........
#+###
##.h##z###.....##.
#.....##..##..# ###+##
..............#


You could see a centaur, a howler monkey (wandering) and a wight.

Vanquished Creatures
  5 adders
  6 ball pythons
  5 endoplasms
  A giant cockroach (D:1)
  2 goblins
  3 hobgoblins
  3 quokkas
  2 frilled lizards (D:1)
  3 kobolds (D:1)
  A rat (D:1)
31 creatures vanquished.

Notes
Turn   | Place    | Note
-------+----------+-------------------------------------------
     0 | D:1      | Aldia the Naga Alchemist began the quest for the Orb.
     0 | D:1      | Reached XP level 1. HP: 15/15 MP: 3/3
   242 | D:1      | Reached XP level 2. HP: 24/24 MP: 3/5
   269 | D:1      | Learned a level 2 spell: Mercury Vapours
   414 | D:1      | Reached skill level 4 in Alchemy
  1288 | D:2      | Reached skill level 1 in Fighting
  1288 | D:2      | Reached XP level 3. HP: 14/31 MP: 0/6
  1302 | D:2      | Learned a level 3 spell: Mephitic Cloud
  1607 | D:2      | Reached skill level 1 in Air Magic
  2036 | D:2      | Reached XP level 4. HP: 38/38 MP: 3/7
  2355 | D:3      | Found Vusse's Antique Weapon Boutique.
  2379 | D:3      | You fall into a shaft and drop 3 floors!
  2381 | D:6      | Found a staircase to the Ecumenical Temple.
  2381 | D:6      | Noticed a centaur
  2409 | D:6      | Shot with an arrow by a centaur

Illustrated notes

Levels and vault maps discovered:
D:1:      amcnicky_arrival_feature_with_door, layout_basic
D:2:      layout_loops_ring, serial_park_tiny_pond, minmay_misc_feat_cross
D:3:      kennysheep_big_flooded_room, layout_rooms, serial_shops,
          nicolae_shop_back_alley_shop, fountainhead,
          dreamdust_mushroom_princess, minmay_goblin_kobold_house, uniq_ijyb,
          uniq_robin
D:6:      layout_gridville, minmay_temple_entry_grid

Skill      XL: |  1  2  3 |
---------------+----------+-----
Alchemy        | 4 |  4.7
Fighting       | 1 |  1.4
Air Magic      | 1 |  1.3
Dodging        | |  1.5
Stealth        | |  3.2
Spellcasting   | |  2.5
Conjurations   | |  1.0

Action                     |  1- 3 |  4- 6 || total
---------------------------+-------+-------++-------
  Melee: Whip              |     2 |       ||     2
   Cast: Sting             |    61 |    14 ||    75
Ability: Spit Poison       |     3 |       ||     3
    Use: Scroll            |     3 |     1 ||     4
 Armour: Robe              |    20 |    12 ||    32
  Dodge: Dodged            |     5 |    12 ||    17
